 Dungeon Crawl Stone Soup version 0.31-a0-1074-g0b22e4e0f1 (webtiles) character file.

Game seed: 14294087991723082365

415 dialectric the Covert (level 6, -3/28 HPs)
             Began as a Felid Delver on Nov 30, 2023.
             Killed from afar by an orc wizard (12 damage)
             ... with a magic dart
             ... on level 5 of the Dungeon.
             The game lasted 00:06:16 (3837 turns).

dialectric the Covert (Felid Delver)                Turns: 3837, Time: 00:06:16

Health: -3/28      AC:  2    Str: 14    XL:     6   Next: 60%
Magic:  7/7        EV: 21    Int: 11    God:
Gold:   237        SH:  0    Dex: 20    Spells: 5/5 levels left
                                        Lives:  0   Deaths: 2

rFire   . .          .
                       - Unarmed
rCold   . . .        (shield unavailable)
rNeg    . . .        (body armour unavailable)
rPois   .            (helmet unavailable)
rElec   .            (cloak unavailable)
rCorr   .            (gloves unavailable)
SInv    +            (boots unavailable)
Will    +....        (no amulet)
Stlth   ++++         g - +6 ring of strength
HPRegen 0.24/turn    m - ring of willpower
MPRegen 0.10/turn

%: no passive effects
@: quick
A: very small, claws 1, fangs 3, see invisible, speed 1, shaggy fur 2, stealthy
paws, no weapons or thrown items, no armour, multi-lived
a: no special abilities


You were on level 5 of the Dungeon.
You visited 1 branch of the dungeon, and saw 5 of its levels.

You collected 237 gold pieces.

Inventory:

Missiles
 v - 8 poisoned darts
Jewellery
 f - the ring "Zoitue" {Ice Int+5 Dex-5}
   (You found it on level 5 of the Dungeon)

   [ring of ice]

   Ice:       It enhances your ice magic.
   Int+5:     It affects your intelligence (+5).
   Dex-5:     It affects your dexterity (-5).
   rF-:       It makes you vulnerable to fire.
   rC+:       It protects you from cold.
 g - a +6 ring of strength (left paw)
 m - a ring of willpower (right paw)
 p - a +6 ring of intelligence
 u - a ring of willpower
Talismans
 s - a maw talisman
Wands
 e - a wand of digging (3)
 n - a wand of charming (9)
 y - a wand of iceblast (10)
Scrolls
 a - 2 scrolls of fog
 b - 2 scrolls of revelation
 c - a scroll of fear
 h - 3 scrolls of identify {unknown}
 j - 2 scrolls of poison
 k - a scroll of teleportation {unknown}
 l - a scroll of vulnerability {unknown}
 q - a scroll of summoning {unknown}
 r - 2 scrolls of enchant armour {unknown}
 w - 2 scrolls of torment {unknown}
 x - a scroll of silence {unknown}
 B - a scroll of immolation {unknown}
Potions
 d - a potion of haste
 i - a potion of invisibility {unknown}
 o - a potion of might {unknown}
 t - 3 potions of heal wounds {unknown}
 z - a potion of attraction {unknown}
 A - a potion of mutation {unknown}


   Skills:
 - Level 3.3 Fighting
 + Level 5.7 Dodging
 + Level 8.6 Stealth
 + Level 4.2 Unarmed Combat


You had 5 spell levels left.
You didn't know any spells.
Your spell library contained the following spells:

 Spells                   Type           Power      Damage    Failure   Level
 Ozocubu's Armour         Ice            0%         N/A       71%         3
 Ozocubu's Refrigeration  Ice            0%         4d7       100%        7


Dungeon Overview and Level Annotations

Branches:
Dungeon (5/15)
 Temple: D:4-7

Altars:
Cheibriados
Kikubaaqudgha

Shops:
D:4 (

Annotations:
D:4 Ijyb


Innate Abilities, Weirdness & Mutations

You have sharp claws.
You have razor-sharp teeth.
You have supernaturally acute eyesight. (SInv)
You cover ground quickly. (Speed+)
You are covered in thick fur. (AC +2)
Your paws help you pounce on unaware monsters.
You are incapable of wielding weapons or throwing items.
You cannot wear armour.
You gain extra lives every three experience levels.


Message History

You bite the centaur.
The centaur is moderately wounded.
The centaur misses you. The centaur kicks you.
The centaur completely misses you. The centaur kicks you.
You scratch the centaur.
The centaur is heavily wounded.
The centaur hits you.
The centaur kicks you but does no damage.
You are too injured to fight recklessly!
You are too injured to fight recklessly!
You are too injured to fight recklessly!
You are too injured to fight recklessly!
You are too injured to fight recklessly!
You are too injured to fight recklessly!
You are too injured to fight recklessly!
You are too injured to fight recklessly!
Unknown command.
You scratch the centaur.
The centaur is heavily wounded.
The centaur barely misses you. The centaur misses you. x3
You closely miss the centaur.
The centaur is heavily wounded.
The centaur hits you.
The centaur kicks you but does no damage.
You scratch the centaur. You bite the centaur.
The centaur is almost dead.
The orc wizard misses you. The centaur closely misses you. x2
Okay, then.
You scratch the centaur but do no damage.
The centaur is almost dead.
The centaur barely misses you. The centaur closely misses you.
The orc wizard hits you with a +0 dagger.
The centaur closely misses you. The centaur kicks you.
* * * LOW HITPOINT WARNING * * *
You scratch the centaur but do no damage.
You bite the centaur.
You kill the centaur!
The orc wizard points at you and mumbles some strange words.
The magic dart hits you!
You die...

#### ...# ######### ...#
#.......#
g..############..)....#########
..............'o@.....'......>#
#######...#####.......#####.#.#
#...# #.......# #.#.#
#...#####.......#####.#.#
##................5.5.#.#
####.####################.#
#........######## #5#
#........#......# #.#
#........#......# #.#


You could see an orc wizard.

Vanquished Creatures
  A centaur (D:5)
  2 scorpions
  A hound (D:5)
  2 orc priests
  An iguana (D:5)
  An orc wizard (D:4)
  2 gnolls (D:5)
  4 adders (D:3)
  2 worms
  2 dart slugs
  15 orcs
  5 ball pythons
  11 endoplasms
  2 giant cockroaches (D:2)
  6 goblins
  3 hobgoblins
  3 quokkas
  7 bats
  4 frilled lizards
  11 kobolds
85 creatures vanquished.

Notes
Turn   | Place    | Note
-------+----------+-------------------------------------------
     0 | D:5      | dialectric the Felid Delver began the quest for the Orb.
     0 | D:5      | Reached XP level 1. HP: 10/10 MP: 2/2
     2 | D:5      | Identified the ring "Zoitue" {Ice Int+5 Dex-5}
    28 | D:5      | Noticed an iguana
    32 | D:5      | Killed an iguana
    33 | D:5      | Reached XP level 2. HP: 14/14 MP: 3/3
    69 | D:5      | Noticed a centaur
   145 | D:5      | Reached skill level 7 in Stealth
   145 | D:5      | Reached XP level 3. HP: 17/17 MP: 4/4
   176 | D:5      | Killed from afar by an orc priest
   216 | D:4      | Noticed Ijyb
   248 | D:4      | Reached XP level 4. HP: 21/21 MP: 5/5
   670 | D:3      | Reached XP level 5. HP: 24/24 MP: 6/6
   946 | D:3      | Reached skill level 8 in Stealth
  1305 | D:3      | Found a snail-covered altar of Cheibriados.
  1314 | D:3      | Found an ancient bone altar of Kikubaaqudgha.
  1543 | D:2      | Reached skill level 5 in Dodging
  1956 | D:1      | Found a faded altar of an unknown god.
  2867 | D:4      | Gained mutation: You are covered in thick fur. (AC +2)
                  | [Felid growth]
  2867 | D:4      | Reached XP level 6. HP: 28/28 MP: 7/7
  3127 | D:4      | Found Seifiacs's Weapon Emporium.
  3691 | D:4      | Killed from afar by Ijyb
  3837 | D:5      | Killed from afar by an orc wizard

Illustrated notes

Levels and vault maps discovered:
D:1:      dpeg_arrival_arbitrary_a, layout_rooms,
          hellmonk_ecumenical_altar_zigzags, grunt_decor_cap
D:2:      layout_loops_ring
D:3:      layout_loops_corners, mainiacjoe_overflow_swirl
D:4:      layout_basic, serial_shops, nicolae_inconvenience_store, uniq_ijyb
D:5:      layout_basic, uniq_sigmund

Skill      XL: |  1  2  3  4  5  6 |
---------------+-------------------+-----
Dodging        | 3 4 5 |  5.7
Stealth        | 7 8 |  8.6
Unarmed Combat | 3 4 |  4.2
Fighting       | |  3.3

Action                     |  1- 3 |  4- 6 || total
---------------------------+-------+-------++-------
  Melee: Unarmed           |    10 |   209 ||   219
         Bite              |     1 |    28 ||    29
         Punch             |       |     9 ||     9
    Use: Scroll            |       |     1 ||     1
   Stab: Sleeping          |     2 |    28 ||    30
         Distracted        |       |     4 ||     4
 Armour: Skin              |     3 |    56 ||    59
  Dodge: Dodged            |     4 |   153 ||   157

Table legend: (Time is in decaauts)
 A = Elapsed time spent in this place.
 B = Non-inter-level travel time spent in this place.
 C = Inter-level travel time spent in this place.
 D = Time resting spent in this place.
 E = Time spent auto-exploring this place.
 F = Levels seen in this place.
 G = Mean time per level.
                   A        B        C        D        E       F      G
               +--------+--------+--------+--------+--------+-----+--------+
         Total |   3195 |   2997 |    198 |    188 |   1831 |   5 |  639.0 |
       Dungeon |   3195 |   2997 |    198 |    188 |   1831 |   5 |  639.0 |
               +--------+--------+--------+--------+--------+-----+--------+

Top non-repeatable levels by time:
     D:3: 975 daAuts
     D:4: 856 daAuts
     D:2: 481 daAuts
     D:1: 471 daAuts
     D:5: 409 daAuts
